 Seeded DCSS version 0.30.0-10-gfe55d96785 (webtiles) character file.

Game seed: 14882989859334502647 (custom seed)

11 Pimp the Covered (level 2, 0/26 HPs)
             Began as an Armataur Fighter on May 13, 2023.
             Succumbed to a kobold's poison
             ... on level 1 of the Dungeon.
             The game lasted 00:00:38 (305 turns).

Pimp the Covered (Armataur Fighter)                  Turns: 305, Time: 00:00:39

Health: 0/26       AC:  8    Str: 21    XL:     2   Next: 13%
Magic:  2/2        EV:  7    Int:  8    God:
Gold:   31         SH:  4    Dex:  9    Spells: 1/1 levels left

rFire   . . .        a - +0 war axe
rCold   . . .        c - +0 buckler
rNeg    . . .        b - +0 scale mail
rPois   .            (no helmet)
rElec   .            (no cloak)
rCorr   .            h - +0 pair of gloves
SInv    .            (no barding)
Will    .....        (no amulet) Stlth
                     (no ring)
HPRegen 0.24/turn    (no ring)
MPRegen 0.08/turn

%: roll
@: lethally poisoned (0 -> -18)
A: large, rugged brown scales 3, deformed body, armoured tail, roll, long
tongue, awkward tongue
a: no special abilities


You were on level 1 of the Dungeon.
You visited 1 branch of the dungeon, and saw 1 of its levels.

You collected 31 gold pieces.

Inventory:

Hand Weapons
 a - a +0 war axe (weapon)
Armour
 b - a +0 scale mail (worn)
 c - a +0 buckler (worn)
 h - a +0 pair of gloves (worn)
Jewellery
 e - a ring of protection from fire
Scrolls
 g - a scroll of identify {unknown}
Potions
 d - a potion of might
 f - a potion of mutation {unknown}


   Skills:
 + Level 2.8 Fighting
 + Level 1.8 Axes
 * Level 3.8 Armour
 + Level 3.5 Shields


You had one spell level left.
You didn't know any spells.
Your spell library was empty.

Dungeon Overview and Level Annotations

Branches:
Dungeon (1/15)

Altars:


Innate Abilities, Weirdness & Mutations

You are completely covered in rugged brown scales. (AC +3, +7% HP)
Armour fits poorly on your strangely shaped body.
You have a long armoured tail.
You roll when moving toward enemies. (Rampage)
Your long tongue fully drains potion bottles. (2x potion effects)
Your tongue gives you trouble enunciating. (1.5x scroll delay)


Message History

The bat hits you but does no damage. The bat closely misses you.
You closely miss the bat. The bat completely misses you.
The bat hits you but does no damage.
A bat is nearby!
A bat is nearby!
You barely miss the bat. You block the bat's attack.
The bat hits you but does no damage.
You slash the bat!
You kill the bat!
You see here a bat corpse.
f - a lumpy yellow potion
g - a scroll labelled REGYIDGH JAQU
Found a pair of gloves.
You see here a +0 pair of gloves.
You start putting on your armour.
You continue putting on your +0 pair of gloves. x4
You finish putting on your +0 pair of gloves.
You now have 31 gold pieces (gained 19).
As you open the door, it creaks loudly!
A kobold comes into view. It is wielding a +2 dagger of venom.
The kobold shouts!
A kobold is nearby!
Found a stone staircase leading down.
The kobold hits you but does no damage.
You are poisoned.
You hit the kobold but do no damage.
You feel very sick.
The kobold hits you with a +2 dagger of venom.
You are more poisoned.
The kobold hits you with a +2 dagger of venom.
You are lethally poisoned!
You closely miss the kobold.
You feel extremely sick. The kobold hits you but does no damage.
You are more poisoned.
You completely miss the kobold.
* * * LOW HITPOINT WARNING * * *
You feel extremely sick. The kobold closely misses you.
The kobold hits you but does no damage.
You barely miss the kobold.
You die...

#......#
##.....##### .##
###........ .>.
####...##### ..#
...........# ..# #
.###..####.#
..##.# #..# #.#
.....
##..####.######K.#
#.............@..#
##.#.#.#.#.#####.#
#..........# #
##.##+##.#.#
#..#...#...#
####.'...+.###
.....#...#..#
...#.##+##.##
###.........#


You could see a kobold.

Vanquished Creatures
  2 bats (D:1)
  An endoplasm (D:1)
  A giant cockroach (D:1)
  A goblin (D:1)
  2 hobgoblins (D:1)
  2 rats (D:1)
9 creatures vanquished.

Notes
Turn   | Place    | Note
-------+----------+-------------------------------------------
     0 | D:1      | Pimp the Armataur Fighter began the quest for the Orb.
     0 | D:1      | Reached XP level 1. HP: 19/19 MP: 1/1
   170 | D:1      | Reached XP level 2. HP: 26/26 MP: 2/2
   305 | D:1      | Succumbed to a kobold's poison

Illustrated notes

Levels and vault maps discovered:
D:1:      ldierk_walled_garden_2, layout_loops_ring, serial_shops,
          nicolae_shop_drivethru, hellmonk_ecumenical_altar_leap_of_faith,
          minmay_misc_feat_doors

Action                     || total
---------------------------++-------
  Melee: War axe           ||    33
         Tailslap          ||     2
 Armour: Scale mail        ||    20
  Dodge: Dodged            ||    17
  Block: Buckler           ||     5
